 Dungeon Crawl Stone Soup version 0.32-a0-791-gfc315c9ecd (webtiles) character file.

Game seed: 2326470130139025803

735 hikkokomori the Trooper (level 7, -20/39 HPs)
             Began as a Vine Stalker Fighter on Mar 20, 2024.
             Was an Initiate of Okawaru.
             Killed from afar by a ynoxinul (26 damage)
             ... with an iron shot
             ... summoned by a kobold demonologist
             ... on level 5 of the Dungeon.
             The game lasted 00:07:11 (2598 turns).

hikkokomori the Trooper (Vine Stalker Fighter)      Turns: 2598, Time: 00:07:12

Health: -20/39     AC:  7    Str: 21    XL:     7   Next: 74%
Magic:  0/8        EV:  8    Int:  8    God:    Okawaru [......]
Gold:   215        SH:  5    Dex: 13    Spells: 3/6 levels left

rFire   . . .        f - +0 dagger (drain)
rCold   . . .        c - +0 buckler
rNeg    . . .        b - +0 scale mail
rPois   .            (no helmet)
rElec   .            e - +0 cloak
rCorr   .            (no gloves)
SInv    .            (no boots)
Will    .....        (no amulet) Stlth
                     (no ring)
HPRegen 1.06/turn    (no ring)
MPRegen 0.11/turn

%: guardian spirit
@: no status effects
A: fangs 2, regeneration 1, magic shield, antimagic bite, no potion heal 2
a: Renounce Religion


You were on level 5 of the Dungeon.
You worshipped Okawaru.
Okawaru was noncommittal.
You visited 1 branch of the dungeon, and saw 5 of its levels.

You collected 215 gold pieces.

Inventory:

Hand Weapons
 a - a +1 heavy flail
 f - a +0 dagger of draining (weapon)
 l - a +1 short sword of venom
 t - a +4 club
Armour
 b - a +0 scale mail (worn)
 c - a +0 buckler (worn)
 e - a +0 cloak (worn)
Wands
 n - a wand of iceblast (16)
Scrolls
 g - 2 scrolls of teleportation
 m - a scroll of amnesia
 s - a scroll of vulnerability
Potions
 d - 3 potions of might
 h - 2 potions of enlightenment {unknown}
 i - 2 potions of ambrosia {unknown}
 j - a potion of heal wounds {unknown}
 k - a potion of lignification {unknown}
 o - 2 potions of invisibility {unknown}
 p - 3 potions of berserk rage {unknown}
 q - a potion of curing {unknown}
 r - a potion of attraction {unknown}


   Skills:
 + Level 5.1 Fighting
 + Level 4.6 Maces & Flails
 - Level 2.4 Armour
 + Level 5.1 Shields


You had 3 spell levels left.
You knew the following spells:

 Your Spells              Type           Power      Damage    Failure   Level
a - Frozen Ramparts       Ice            0%         1d1       99%         3

Your spell library contained the following spells:

 Spells                   Type           Power      Damage    Failure   Level
 Ozocubu's Armour         Ice            0%         N/A       99%         3
 Metabolic Englaciation   Hex/Ice        0%         N/A       100%        5


Dungeon Overview and Level Annotations

Branches:
Dungeon (5/15)
 Temple: D:4-7

Altars:
Elyvilon
Fedhas
Okawaru


Innate Abilities, Weirdness & Mutations

You have extremely sharp teeth.
Your natural rate of healing is unusually fast.
When hurt, damage is shared between your health and your magic reserves.
Your bite disrupts and absorbs the magic of your enemies.
Potions cannot restore your health.


Message History

You closely miss the kobold demonologist.
The kobold demonologist is moderately wounded.
The ynoxinul barely misses you.
The kobold demonologist hits you but does no damage.
The ynoxinul gestures.
The white imp gestures at you. The puff of frost misses you.
The puff of frost hits the kobold demonologist!
You hit the kobold demonologist but do no damage.
You drain the kobold demonologist.
The kobold demonologist is severely wounded.
The kobold demonologist hits you but does no damage.
The ynoxinul completely misses you.
The ynoxinul gestures.
The white imp barely misses you.
You closely miss the kobold demonologist.
Your bite misses the kobold demonologist.
The kobold demonologist is severely wounded.
The ufetubus hits you. x2
The kobold demonologist hits you but does no damage.
The ynoxinul hits you.
* * * LOW HITPOINT WARNING * * *
The ynoxinul hits you.
* * * LOW HITPOINT WARNING * * *
The white imp hits you but does no damage.
You block the ufetubus's attack. The ufetubus hits you.
* * * LOW HITPOINT WARNING * * *
Unknown command.
You hit the kobold demonologist but do no damage.
You bite the kobold demonologist.
The kobold demonologist's magic leaks into the air.
You drain its magic.
You feel invigorated.
The kobold demonologist is severely wounded.
The ufetubus hits you but does no damage. x2
The ynoxinul hits you but does no damage.
The kobold demonologist hits you with a +0 dagger.
* * * LOW HITPOINT WARNING * * *
The ynoxinul gestures at you. The iron shot hits you!!
Ouch! That really hurt!
You die...

# #. #.##
###...#
.....f5
....555##
#...5333###.#
#oK@5...#
####5.......
###...##.
...... ###..
.


You could see a kobold demonologist (drained, magic disrupted), a smoke demon
(summoned), 2 ynoxinuls, a sleepcap, a crimson imp (summoned), a white imp
(summoned), 5 ufetubi and an orc.

Vanquished Creatures
  An orc warrior (D:4)
  A phantom (D:4)
  2 scorpions (D:4)
  An orc priest (D:4)
  2 hounds (D:4)
  Jessica (D:3)
  2 iguanas (D:4)
  Ijyb (D:4)
  4 orc wizards
  5 adders
  4 dart slugs
  2 ribbon worms
  9 orcs
  7 ball pythons
  9 endoplasms
  5 giant cockroaches
  8 goblins
  7 hobgoblins
  3 jackals (D:1)
  7 quokkas
  7 bats
  2 frilled lizards
  7 kobolds
  5 rats
102 creatures vanquished.

Notes
Turn   | Place    | Note
-------+----------+-------------------------------------------
     0 | D:1      | hikkokomori the Vine Stalker Fighter began the quest for
                  | the Orb.
     0 | D:1      | Reached XP level 1. HP: 11/11 MP: 2/2
   179 | D:1      | Reached XP level 2. HP: 16/16 MP: 3/3
   305 | D:1      | Reached XP level 3. HP: 20/20 MP: 1/4
   809 | D:2      | Reached XP level 4. HP: 17/24 MP: 5/5
  1327 | D:3      | Reached XP level 5. HP: 21/29 MP: 4/6
  1477 | D:3      | Found a blossoming altar of Fedhas.
  1524 | D:3      | Learned a level 3 spell: Frozen Ramparts
  1572 | D:3      | Noticed Jessica
  1580 | D:3      | Killed Jessica
  1919 | D:4      | Reached XP level 6. HP: 33/33 MP: 7/7
  1956 | D:4      | Found a white marble altar of Elyvilon.
  2130 | D:4      | Noticed an orc warrior
  2154 | D:4      | Killed an orc warrior
  2155 | D:4      | Reached XP level 7. HP: 37/38 MP: 6/8
  2321 | D:4      | Reached skill level 5 in Fighting
  2332 | D:4      | Reached skill level 5 in Shields
  2339 | D:4      | Found an iron altar of Okawaru.
  2367 | D:4      | Became a worshipper of Warmaster Okawaru
  2466 | D:4      | Noticed Ijyb
  2480 | D:4      | Killed Ijyb
  2589 | D:5      | Entered Level 5 of the Dungeon
  2589 | D:5      | Noticed a kobold demonologist
  2592 | D:5      | Noticed a ynoxinul
  2593 | D:5      | Noticed a ynoxinul
  2594 | D:5      | Noticed a smoke demon
  2598 | D:5      | Killed from afar by a ynoxinul

Illustrated notes

Levels and vault maps discovered:
D:1:      dpeg_arrival_concentric_ovals, layout_basic
D:2:      layout_rooms
D:3:      layout_loops_ring, fedhas_altar_1, uniq_jessica
D:4:      layout_rooms, elyvilon_altar_1, mainiacjoe_overflow_brackets,
          uniq_ijyb
D:5:      layout_rooms, mainiacjoe_overflow_tiny_flanked,
          ebering_ghost_reflecting_pool, minmay_quadrilaterals,
          uniq_prince_ribbit1

Skill      XL: |  1  2  3  4  5  6  7 |
---------------+----------------------+-----
Maces & Flails | 2 3 4 |  4.6
Fighting       | 3 4 5 |  5.1
Shields        | 3 4 5 |  5.1
Armour         | |  2.4

Action                     |  1- 3 |  4- 6 |  7- 9 || total
---------------------------+-------+-------+-------++-------
  Melee: Flail             |    99 |   166 |       ||   265
         Bite              |    23 |    35 |    18 ||    76
         Dagger            |       |       |    65 ||    65
    Use: Scroll            |       |     8 |       ||     8
         Potion            |       |     1 |       ||     1
 Armour: Scale mail        |    87 |   141 |    58 ||   286
  Dodge: Dodged            |    51 |    71 |    25 ||   147
  Block: Buckler           |    30 |    42 |    17 ||    89

Table legend: (Time is in decaauts)
 A = Elapsed time spent in this place.
 B = Non-inter-level travel time spent in this place.
 C = Inter-level travel time spent in this place.
 D = Time resting spent in this place.
 E = Time spent auto-exploring this place.
 F = Levels seen in this place.
 G = Mean time per level.
                   A        B        C        D        E       F      G
               +--------+--------+--------+--------+--------+-----+--------+
         Total |   2704 |   2489 |    215 |      0 |   1740 |   5 |  540.8 |
       Dungeon |   2704 |   2489 |    215 |      0 |   1740 |   5 |  540.8 |
               +--------+--------+--------+--------+--------+-----+--------+

Top non-repeatable levels by time:
     D:3: 812 daAuts
     D:1: 703 daAuts
     D:4: 674 daAuts
     D:2: 504 daAuts
     D:5: 9 daAuts
